 Dungeon Crawl Stone Soup version 0.17-b1-36-g7b1967c (webtiles) character file.

564 Chiseanne the Vexing (level 7, -5/53 HPs)
             Began as a Formicid Enchanter on Nov 6, 2015.
             Was a Follower of Makhleb.
             Slain by a mummy (15 damage)
             ... in an ossuary.
             The game lasted 00:20:09 (5426 turns).

Chiseanne the Vexing (Formicid Enchanter)           Turns: 5426, Time: 00:20:09

Health: -5/53      AC:  4    Str: 13    XL:     7   Next: 58%
Magic:  0/13       EV: 13    Int: 15    God:    Makhleb [*.....]
Gold:   140        SH:  0    Dex: 12    Spells: 5 memorised, 2 levels left

rFire  . . .     SeeInvis +     s - +0 short sword
rCold  . . .     Clarity  .     b - +1 robe
rNeg   . . .     SustAt   .     (no shield)
rPois  .         Gourm    .     (helmet unavailable)
rElec  .         Spirit   +     (no cloak)
rCorr  .         Warding  .     k - +0 pair of gloves
rMut   .         Stasis   +     (no boots)
MR     .....                    x - amulet of guardian spirit
Stlth  ++++......               z - ring of stealth (curse)
                                w - ring of stealth

@: not resistant to hostile enchantments, stealthy
A: permanent stasis, dig shafts and tunnels, four strong arms, antennae 3
a: Dig, Shaft Self, Renounce Religion


You were in an ossuary.
You worshipped Makhleb.
Makhleb was aware of your devotion.
You were not hungry.

You visited 1 branch of the dungeon, and saw 4 of its levels.
You also visited: Ossuary.

You collected 140 gold pieces.

Inventory:

Hand Weapons
 a - a +1 dagger of venom
 s - a +0 short sword (weapon)
Missiles
 g - 7 tomahawks (quivered)
 m - 46 poisoned needles
 v - 75 arrows
 y - 18 sling bullets
Armour
 b - a +1 robe (worn)
 j - a +0 ring mail
 k - a +0 pair of gloves (worn)
 q - a +0 plate armour
 B - a +2 robe of cold resistance
Jewellery
 w - a ring of stealth (left hand)
 x - an amulet of guardian spirit (around neck)
 z - a cursed ring of stealth (right hand)
Scrolls
 r - 2 scrolls of immolation
 D - a scroll of remove curse
 E - a scroll of noise {unknown}
Potions
 e - 2 potions of agility {unknown}
 h - 2 potions of heal wounds {unknown}
 i - 3 potions of might {unknown}
 l - 4 potions of curing {unknown}
 o - 2 potions of ambrosia {unknown}
 t - a potion of beneficial mutation {unknown}
 u - a potion of flight {unknown}
 A - a potion of lignification {unknown}
 C - 2 potions of haste {unknown}
Books
 c - a book of Maledictions

   Spells                             Type                      Level
   a - Corona                         Hexes                        1
   b - Ensorcelled Hibernation        Hexes/Ice                    2
   c - Confuse                        Hexes                        3
   d - Tukima's Dance                 Hexes                        3
   e - Dazzling Spray                 Conjuration/Hexes            3
Comestibles
 d - 4 bread rations
 f - a slice of pizza
 n - 3 fruits
 p - a meat ration


   Skills:
 * Level 3.7 Fighting
 - Level 1.0 Short Blades
 + Level 2.9 Armour
 * Level 3.9 Dodging
 - Level 3.6 Stealth
 * Level 4.4 Spellcasting
 + Level 4.4 Hexes


You had 2 spell levels left.
You knew the following spells:

 Your Spells              Type           Power        Failure   Level  Hunger
a - Corona                Hex            ###....      2%          1    None
b - Ensorcelled Hibernat  Hex/Ice        ##....       12%         2    ##.....
c - Confuse               Hex            ###.....     10%         3    ###....
d - Tukima's Dance        Hex            ###.....     10%         3    ###....
e - Dazzling Spray        Conj/Hex       ##......     24%         3    ###....


Dungeon Overview and Level Annotations

Branches:
Dungeon (4/15)
 Temple: D:4-7

Altars:
Kikubaaqudgha
Makhleb
Trog
Zin

Annotations:
D:3 Chiseanne's ghost, amateur DrSk


Innate Abilities, Weirdness & Mutations

You are under a permanent stasis effect.
You can dig through walls and to a lower floor.
Your four strong arms can wield two-handed weapons with a shield.
You have a pair of large antennae on your head (SInv).


Message History

Aim: a mummy (moderately damaged, chance to defeat MR: 53%)
The mummy is outlined in light.
You hit the mummy.
The mummy is moderately damaged.
The mummy closely misses you.
You hit the mummy but do no damage.
The mummy is moderately damaged.
You hit the mummy.
The mummy is heavily damaged.
The mummy hits you!!
You hit the mummy but do no damage.
The mummy is heavily damaged.
The mummy hits you!
* * * LOW HITPOINT WARNING * * *
You hit the mummy.
The mummy is severely damaged.
You hit the mummy but do no damage.
The mummy is severely damaged.
The mummy hits you!
You die...

{ ##+##
####...#
#..'@M.+{
##.##...#
##..###+##
##..##
#.^## #.##
{ { #'##
#..## #+#
##^.##
##.##


You could see a mummy.

Vanquished Creatures
  Sigmund (D:2)
  Ijyb (D:2)
  2 orc wizards (D:4)
  An iguana (D:4)
  A worker ant (D:2)
  6 mummies (Ossuary)
  8 adders
  2 oozes
  5 worms
  3 giant geckos
  3 orcs
  2 ball pythons
  13 bats
  2 giant cockroaches
  8 goblins
  9 hobgoblins
  11 kobolds
  5 giant newts
  A gnoll skeleton (Ossuary)
  2 goblin skeletons (Ossuary)
  9 jackals
  3 kobold skeletons (Ossuary)
  11 rats
  11 rat skeletons (Ossuary)
120 creatures vanquished.

Notes
Turn   | Place    | Note
--------------------------------------------------------------
     0 | D:1      | Chiseanne the Formicid Enchanter began the quest for the Orb.
     0 | D:1      | Reached XP level 1. HP: 13/13 MP: 3/3
   299 | D:1      | Reached skill level 1 in Fighting
   299 | D:1      | Reached XP level 2. HP: 14/21 MP: 3/5
   848 | D:1      | Reached XP level 3. HP: 14/26 MP: 4/6
  1069 | D:1      | Reached skill level 1 in Armour
  1584 | D:2      | Reached XP level 4. HP: 20/32 MP: 8/8
  1720 | D:2      | Learned a level 2 spell: Ensorcelled Hibernation
  1724 | D:2      | Learned a level 3 spell: Confuse
  2060 | D:2      | Noticed Sigmund
  2072 | D:2      | Killed Sigmund
  2072 | D:2      | Reached skill level 4 in Hexes
  2072 | D:2      | Reached XP level 5. HP: 29/40 MP: 7/10
  2072 | D:2      | Reached XP level 6. HP: 33/46 MP: 7/11
  2302 | D:2      | Found a bloodstained altar of Trog.
  2591 | D:3      | Noticed Ijyb
  2610 | D:2      | Killed Ijyb
  2831 | D:3      | Noticed Chiseanne's ghost (amateur DrSk)
  3259 | D:3      | Found a burning altar of Makhleb.
  3304 | D:3      | Became a worshipper of Makhleb the Destroyer
  3584 | D:2      | Reached XP level 7. HP: 52/52 MP: 12/12
  4081 | D:4      | Found an ancient bone altar of Kikubaaqudgha.
  4161 | D:4      | Learned a level 3 spell: Tukima's Dance
  4165 | D:4      | Learned a level 3 spell: Dazzling Spray
  4177 | D:4      | Found a glowing silver altar of Zin.
  4382 | D:4      | Reached * piety under Makhleb
  4556 | D:4      | Found a sand-covered staircase.
  4584 | Ossuary  | Entered an ossuary
  5426 | Ossuary  | Slain by a mummy

Action                   |  1- 3 |  4- 6 |  7- 9 || total
-------------------------+-------+-------+-------++-------
Melee: Dagger            |   137 |   152 |    44 ||   333
       Short sword       |       |       |   132 ||   132
 Cast: Corona            |    24 |     9 |    22 ||    55
       Ensorcelled Hiber |       |     3 |     8 ||    11
       Confuse           |       |     1 |     1 ||     2
  Use: Scroll            |       |     3 |     1 ||     4
 Stab: Sleeping          |     5 |    14 |    12 ||    31
  Eat: Chunk             |     3 |     4 |     4 ||    11
       Royal jelly       |       |     1 |       ||     1
       Pizza             |       |       |     1 ||     1
       Beef jerky        |       |       |     1 ||     1
